 Dungeon Crawl Stone Soup version 0.30-b1-2-g02819fbbbe (webtiles) character file.

Game seed: 5698236423241705756

74585 MirrMurr the Spear-Bearer (level 15, -17/100 HPs)
             Began as a Gargoyle Berserker on May 20, 2023.
             Was a High Priest of Trog.
             Demolished by an ettin
             ... wielding a +1 heavy dire flail
              (19 damage)
             ... on level 15 of the Dungeon.
             The game lasted 00:45:08 (21427 turns).

MirrMurr the Spear-Bearer (Gargoyle Berserker)     Turns: 21427, Time: 00:45:09

Health: -17/100    AC: 44    Str: 26    XL:     15   Next: 47%
Magic:  24/24      EV: 11    Int:  9    God:    Trog [*****.]
Gold:   1250       SH: 10    Dex: 13    Spells: 14/14 levels left

rFire   + . .        a - +8 trishula "Condemnation" {holy, anguish, *Noise Fly rN+}
rCold   . . .        w - +2 buckler
rNeg    + + .        h - +3 plate armour {rPois}
rPois   ∞            r - +2 helmet
rElec   +            L - +2 cloak
rCorr   .            Q - +0 pair of gloves
SInv    .            S - +0 pair of boots
Will    ++...        G - amulet of reflection Stlth
                     O - +4 ring of protection
HPRegen 0.36/turn    b - ring of Geaz {rF+ Will+ MP+9 Str+3}
MPRegen 0.19/turn

%: reflection
@: about to teleport, flying
A: sickness immunity, AC +11, big wings, negative energy resistance 1,
electricity resistance, torment resistance 1, petrification resistance
a: Renounce Religion, Berserk, Trog's Hand, Brothers in Arms


You were on level 15 of the Dungeon.
You worshipped Trog.
Trog was extremely pleased with you.
You visited 3 branches of the dungeon, and saw 21 of its levels.
You also visited: Ice Cave.

You collected 1250 gold pieces.

Inventory:

Hand Weapons
 a - the +8 trishula "Condemnation" (weapon) {holy, anguish, *Noise Fly rN+}
   (You found it on level 3 of the Lair of Beasts)

   rN:        It protects you from negative energy.
   Fly:       It grants you flight.
   *Noise:    It may make noises in combat.
Missiles
 d - 35 poisoned darts
 e - 5 throwing nets
 g - 162 stones (quivered)
 o - 16 silver boomerangs
 p - 20 boomerangs
 x - a curare-tipped dart
 H - 4 silver javelins
Armour
 h - a +3 plate armour of poison resistance (worn)
 r - a +2 helmet (worn)
 w - a +2 buckler (worn)
 L - a +2 cloak (worn)
 Q - a +0 pair of gloves (worn)
 S - a +0 pair of boots (worn)
Jewellery
 b - the ring of Geaz (right hand) {rF+ Will+ MP+9 Str+3}
   (You took it off a gnoll on level 7 of the Dungeon)

   [ring of magical power]

   Str:       It affects your strength (+3).
   rF:        It protects you from fire.
   MP:        It affects your magic capacity (+9).
   Will:      It increases your willpower.
 z - a ring of resist corrosion
 G - an amulet of reflection (around neck)
 O - a +4 ring of protection (left hand)
 T - a ring of protection from cold
Wands
 u - a wand of flame (43)
 E - a wand of iceblast (14)
 I - a wand of polymorph (10)
 M - a wand of light (7)
 N - a wand of charming (4)
Scrolls
 c - 9 scrolls of teleportation
 i - 9 scrolls of identify
 n - 5 scrolls of fog
 q - 3 scrolls of magic mapping
 t - 2 scrolls of vulnerability
 y - 6 scrolls of poison
 B - a scroll of immolation
 C - a scroll of fear
 D - a scroll of enchant weapon
 J - 6 scrolls of blinking
 P - a scroll of summoning
 R - a scroll of brand weapon
Potions
 f - 14 potions of curing
 j - 4 potions of haste
 k - 6 potions of mutation
 l - 2 potions of might
 m - 3 potions of flight
 s - 3 potions of heal wounds
 v - 3 potions of ambrosia
 A - a potion of cancellation
Miscellaneous
 K - a phial of floods


   Skills:
 + Level 13.9 Fighting
 - Level 14.0 Polearms
 + Level 13.7 Armour
 + Level 10.7 Dodging
 - Level 10.0 Stealth


You had 14 spell levels left.
You didn't know any spells.
Your spell library was empty.

Dungeon Overview and Level Annotations

Branches:
Dungeon (15/15)            Temple (1/1) D:5            Lair (5/5) D:11
  Swamp (0/4) Lair:3       Spider (0/4) Lair:3        Slime (0/5) Lair:5
    Orc (0/2) D:12         Vaults (0/5) D:14          IceCv (visited)
 Depths: D:15

Altars:
Vehumet
Xom

Annotations:
D:6 2 transporters


Innate Abilities, Weirdness & Mutations

You are immune to sickness and miasma.
Your stone body is resilient. (AC +11)
You are immune to poison.
Your large and strong wings let you fly.
You resist negative energy. (rN+)
You are resistant to electric shocks. (rElec)
You are resistant to unholy torment.
You are immune to petrification.


Message History

A meliai comes into view. It is wielding a +0 broad axe.
The ettin hits you with a +1 heavy dire flail!
The ettin barely misses you.
The hell knight mumbles some strange prayers to its god.
The hell knight seems to speed up.
The hell knight utters an invocation to its god.
The hell knight blinks!
A meliai comes into view. It is wielding a +0 war axe.
The meliai buzzes angrily.
The meliai closely misses you. The meliai barely misses you. x2
You block the meliai's attack. You block the meliai's attack.
The meliai stings you but does no damage.
The meliai calls down the wrath of its god upon you.
Something smites you!
A meliai comes into view.
It is wielding a +1 hand axe of electrocution.
The meliai invokes the aid of its god against you.
Something smites you!
As you read the scroll of teleportation, it crumbles to dust.
You feel strangely unstable. The meliai misses you.
The meliai stings you but does no damage.
The ettin hits you with a +1 heavy dire flail!!
* * * LOW HITPOINT WARNING * * *
The ettin hits you with a +0 dire flail!
* * * LOW HITPOINT WARNING * * *
The meliai hits you but does no damage.
The meliai stings you but does no damage.
You feel much better. You block the meliai's attack. x2
The meliai hits you but does no damage. The meliai barely misses you.
The hell knight hits you from afar with a +0 glaive!
* * * LOW HITPOINT WARNING * * *
A necromancer comes into view. It is wielding a +0 dagger.
The meliai mumbles some strange prayers to its god against you.
Something smites you!
* * * LOW HITPOINT WARNING * * *
The meliai closely misses you.
The meliai stings you but does no damage.
The ettin barely misses you.
The ettin hits you with a +0 dire flail!!
You die...

##..#..### .......
........##.......
.................
#.......)...... . ##
##...p......... .. ##.
#............. ...#..
####....$......#.
......###yp.............#
......yy@CQ###..........#
...###..#### ##..........
#..# ##......... ##.##
##.......## ##.#
#..#..#..# #.##
##..##.##. ##.###......##
#............#
#..###........## .


You could see an ettin, a hell knight (fast), a tengu warrior (anguished), a
necromancer and 3 meliai.

Vanquished Creatures
  7 hydras
  Harold (Lair:1)
  An ogre mage (D:14)
  3 centaur warriors
  3 catoblepae (Lair:5)
  6 two-headed ogres
  4 boulder beetles
  A tengu warrior (D:15)
  11 death yaks
  Nergalle (Lair:1)
  7 skeletal warriors
  A deep troll (D:15)
  A bog body (IceCv)
  Pikel (D:6)
  A necromancer (IceCv)
  An orc knight (D:14)
  7 deep elf pyromancers
  An orc sorcerer (D:14)
  5 ugly things
  2 manticores (Lair:5)
  3 cyclopes
  4 slime creatures (D:12)
  2 ice statues (IceCv)
  2 black mambas
  4 rime drakes
  13 cane toads
  Maggie (D:8)
  A freezing wraith (D:14)
  An unseen horror (D:13)
  An efreet (D:14)
  5 ice devils (IceCv)
  2 anaconda simulacra (IceCv)
  6 komodo dragons
  A harpy zombie (D:15)
  3 trolls
  A tyrant leech (Lair:3)
  A hornet (Lair:3)
  A polar bear (Lair:3)
  9 blink frogs
  5 dream sheep (Lair:4)
  A centaur simulacrum (D:15)
  A jumping spider (Lair:3)
  A vampire (D:10)
  2 shadows
  2 culicivoras (Lair:3)
  5 wyverns
  2 wraiths
  4 basilisks
  3 dire elephant simulacra (IceCv)
  A human (shapeshifter) (D:14)
  46 yaks
  16 vampire mosquitoes
  A steam dragon (D:7)
  A redback (Lair:3)
  Grum (D:8)
  Menkaure (D:7)
  A death yak simulacrum (IceCv)
  An acid dragon (D:9)
  2 harpy simulacra (IceCv)
  5 swamp worms (Lair:3)
  3 hydra simulacra (IceCv)
  13 water moccasins
  7 orc warriors
  2 ice beasts
  A hornet zombie (D:15)
  3 ogres (D:14)
  2 black bears (D:7)
  8 wolves
  4 centaurs
  A phantom (D:5)
  3 kobold brigands
  3 gnoll sergeants
  8 bullfrogs
  3 scorpions
  6 wights
  5 killer bees
  4 howler monkeys
  3 jellies
  6 hounds
  4 orc priests
  A gnoll bouda (D:7)
  4 iguanas
  19 orc wizards
  A polar bear simulacrum (IceCv)
  Robin (D:2)
  An adder (D:2)
  26 gnolls
  2 naga simulacra (IceCv)
  2 white imps
  3 worms
  57 orcs
  4 ball pythons
  6 bats
  4 endoplasms
  4 giant cockroaches
  16 goblins
  14 hobgoblins
  18 jackals
  16 kobolds
  3 quokkas
  3 frilled lizards
  6 rats
528 creatures vanquished.

Vanquished Creatures (others)
  A two-headed ogre (D:14)
  A catoblepas (Lair:5)
  A tengu warrior (D:15)
  A skeletal warrior (D:12)
  2 necromancers
  An ice devil (IceCv)
  A tyrant leech (Lair:3)
  A shadow (D:12)
  A swamp worm (Lair:3)
  A kobold (D:7)
  8 fungi
  20 plants
39 creatures vanquished.

Grand Total: 567 creatures vanquished

Notes
Turn   | Place    | Note
-------+----------+-------------------------------------------
     0 | D:1      | MirrMurr the Gargoyle Berserker began the quest for the
                  | Orb.
     0 | D:1      | Reached XP level 1. HP: 14/14 MP: 1/1
   178 | D:1      | Reached XP level 2. HP: 19/19 MP: 2/2
   188 | D:1      | Found a faded altar of an unknown god.
   318 | D:1      | Reached skill level 3 in Polearms
   823 | D:2      | Found a shimmering altar of Xom.
   830 | D:2      | Reached ** piety under Trog
   846 | D:2      | Reached XP level 3. HP: 23/23 MP: 3/3
  1116 | D:2      | Noticed Robin
  1429 | D:2      | Reached XP level 4. HP: 29/29 MP: 4/4
  1810 | D:2      | Killed Robin
  2598 | D:4      | Reached XP level 5. HP: 33/33 MP: 5/5
  2649 | D:4      | Reached *** piety under Trog
  2860 | D:4      | Reached skill level 4 in Polearms
  2948 | D:4      | Reached XP level 6. HP: 26/38 MP: 6/6
  3230 | D:4      | Reached **** piety under Trog
  3425 | D:4      | Reached XP level 7. HP: 32/44 MP: 7/7
  3539 | D:4      | Reached skill level 5 in Polearms
  3779 | D:5      | Entered Level 5 of the Dungeon
  3862 | D:5      | Noticed a wyvern
  3878 | D:5      | Killed a wyvern
  3879 | D:5      | Reached skill level 5 in Fighting
  3879 | D:5      | Reached skill level 1 in Stealth
  4089 | D:5      | Reached XP level 8. HP: 49/49 MP: 8/8
  4603 | D:5      | Found a staircase to the Ecumenical Temple.
  4609 | Temple   | Entered the Ecumenical Temple
  4881 | D:5      | Reached skill level 6 in Polearms
  5004 | D:5      | Reached skill level 5 in Armour
  5313 | D:6      | Reached ***** piety under Trog
  5336 | D:6      | Noticed a toenail golem
  5340 | D:6      | Found a transporter.
  5377 | D:6      | Reached XP level 9. HP: 25/55 MP: 9/9
  5475 | D:6      | Found a transporter.
  5548 | D:6      | Reached skill level 7 in Polearms
  6177 | D:7      | Noticed Menkaure
  6183 | D:7      | Killed Menkaure
  6294 | D:7      | Identified the ring of Geaz {rF+ Will+ MP+9 Str+3}
  6314 | D:7      | Received a gift from Trog
  6357 | D:7      | Noticed Pikel
  6375 | D:6      | Killed Pikel
  6376 | D:6      | Reached skill level 5 in Stealth
  6454 | D:7      | Reached skill level 8 in Polearms
  6454 | D:7      | Reached skill level 5 in Dodging
  6464 | D:7      | Reached XP level 10. HP: 45/63 MP: 10/10
  7150 | D:8      | Noticed Grum
  7354 | D:8      | Killed Grum
  7532 | D:8      | Found a radiant altar of Vehumet.
  7629 | D:8      | Noticed Maggie
  7642 | D:8      | Killed Maggie
  8343 | D:9      | Reached skill level 9 in Polearms
  8484 | D:9      | Received a gift from Trog
  8882 | D:10     | Entered Level 10 of the Dungeon
  9100 | D:10     | Reached XP level 11. HP: 40/68 MP: 11/11
  9760 | D:11     | Reached skill level 10 in Polearms
 10016 | D:11     | Noticed a skeletal warrior
 10044 | D:11     | Found a staircase to the Lair.
 10215 | D:11     | Killed a skeletal warrior
 10308 | D:11     | Noticed a skeletal warrior
 10338 | D:11     | Killed a skeletal warrior
 10421 | D:11     | Noticed a skeletal warrior
 10432 | D:11     | Killed a skeletal warrior
 10583 | D:12     | Noticed a centaur warrior
 10783 | Lair:1   | Entered Level 1 of the Lair of Beasts
 11201 | Lair:1   | Noticed a five-headed hydra
 11215 | Lair:1   | Killed a five-headed hydra
 11216 | Lair:1   | Reached XP level 12. HP: 35/76 MP: 12/12
 11436 | Lair:1   | Reached skill level 11 in Polearms
 11440 | Lair:1   | Received a gift from Trog
 11477 | Lair:1   | Identified the +5 dagger of a sewer {drain, rElec rC++
                  | Str+2}
 11650 | Lair:1   | Noticed Nergalle
 11660 | Lair:1   | Killed Nergalle
 11742 | Lair:1   | Noticed Harold
 11751 | Lair:1   | Killed Harold
 12342 | Lair:2   | Noticed an eight-headed hydra
 12352 | Lair:2   | Killed an eight-headed hydra
 12839 | Lair:2   | Reached skill level 10 in Fighting
 13541 | Lair:3   | Reached skill level 10 in Armour
 13553 | Lair:3   | Reached skill level 12 in Polearms
 13553 | Lair:3   | Reached XP level 13. HP: 83/83 MP: 13/13
 13804 | Lair:3   | Reached skill level 10 in Stealth
 13834 | Lair:3   | Found the +8 trishula "Condemnation" {holy, anguish, *Noise
                  | Fly rN+}
 14404 | Lair:3   | Found a staircase to the Swamp.
 14573 | Lair:3   | Found a hole to the Spider Nest.
 14852 | Lair:4   | Identified the +1 cloak of the Sufficient God {*Slow rElec
                  | Str+5 Int+3}
 16112 | Lair:5   | Entered Level 5 of the Lair of Beasts
 16149 | Lair:5   | Reached skill level 13 in Polearms
 16254 | Lair:5   | Found a staircase to the Slime Pits.
 16652 | Lair:5   | Gained mutation: Your large and strong wings let you fly.
                  | [Gargoyle growth]
 16652 | Lair:5   | Reached XP level 14. HP: 19/90 MP: 14/14
 17660 | D:12     | Reached skill level 14 in Polearms
 17705 | D:12     | Found a staircase to the Orcish Mines.
 18648 | D:13     | Identified the +4 shortbow "Eryatwech" {elec, Fly Dex+5}
 18948 | D:13     | Found a frozen archway.
 18968 | IceCv    | Entered an ice cave
 19075 | IceCv    | Found the +8 frozen axe "Frostbite" {freeze, freezing
                  | cloud, *Noise Fly rC+}
 19682 | D:13     | Reached skill level 10 in Dodging
 19772 | D:14     | Reached XP level 15. HP: 70/98 MP: 15/15
 19967 | D:14     | Found a gate to the Vaults.
 20012 | D:14     | Received a gift from Trog
 20768 | D:15     | Entered Level 15 of the Dungeon
 21426 | D:15     | HP: 4/100 [ettin/+1 heavy dire flail (12)]
 21427 | D:15     | Demolished by an ettin

Illustrated notes

Levels and vault maps discovered:
D:1:      onia_arrival_pentagram, layout_loops_ring,
          shapermc_ecumenical_altar_totnotflames
D:2:      layout_basic, basic_altar, bh_walls_and_bars, uniq_robin
D:3:      layout_basic
D:4:      lemuel_castle_with_subvaults [lemuel_castle_interior_carwin_2],
          layout_basic
D:5:      minmay_inner_zag, layout_basic, minmay_temple_entry_hall,
          nicolae_ossuary_entry_monument
D:6:      layout_gridville, gammafunk_ghost_abyssal_escape
D:7:      layout_cave_pools, uniq_menkaure, uniq_pikel
D:8:      layout_layer_cave, mainiacjoe_overflow_24_doors, uniq_maggie,
          uniq_grum
D:9:      layout_roguey, minmay_misc_feat_rows
D:10:     layout_roguey
D:11:     layout_rooms, lair_entry_dummy
D:12:     layout_basic, david_orc_2
D:13:     layout_rooms, portal_ice_cave_rime
D:14:     layout_irregular_city, david_vaults_1, chequers_serial_rivers_micro_a
D:15:     hangedman_depths_entry_civil_slaughter, layout_layer_cave,
          nicolae_hepliaklqana_hippocampus
Temple:   mainiacjoe_temple_circle_huts
Lair:1:   layout_chaotic_city, uniq_harold, uniq_nergalle
Lair:2:   layout_misc_corridors, grunt_megastairs_5
Lair:3:   layout_big_grid, palyth_hydra_swamp_entry,
          spider_nest_entry_funnel_web, worms_lemuel
Lair:4:   layout_cave_pods, grunt_megastairs_4, infiniplex_staircase_pool_2
Lair:5:   evilmike_catoblepas_cave, layout_hall_layers, slime_entry_1

Skill      XL: |  1  2  3  4  5  6  7  8  9 10 11 12 13 14 15 |
---------------+----------------------------------------------+-----
Polearms       | 3 4 5 6 8 9 10 12 13 14 | 14.0
Dodging        | 2 3 4 5 6 7 8 10 | 10.7
Armour         | 3 4 5 6 7 8 10 11 12 13 | 13.7
Fighting       | 4 5 6 7 8 9 10 11 13 | 13.9
Stealth        | 1 3 5 6 8 9 10 | 10.0

Action                     |  1- 3 |  4- 6 |  7- 9 | 10-12 | 13-15 || total
---------------------------+-------+-------+-------+-------+-------++-------
  Melee: Spear             |    25 |       |       |       |       ||    25
         Trident           |   108 |   234 |   216 |   580 |    40 ||  1178
         Punch             |       |     2 |       |       |       ||     2
         Trishula          |       |       |       |       |   849 ||   849
  Throw: Throwing net      |       |       |       |     3 |       ||     3
 Invoke: Berserk           |       |     1 |     1 |     8 |       ||    10
         Trog's Hand       |       |     1 |       |     2 |     1 ||     4
    Use: Scroll            |     3 |     6 |    11 |     7 |     5 ||    32
         Potion            |       |       |     1 |       |     1 ||     2
   Stab: Held in net/web   |       |       |       |     2 |       ||     2
         Distracted        |       |       |       |       |     1 ||     1
         Petrified         |       |       |       |       |     3 ||     3
 Armour: Animal skin       |     6 |       |       |       |       ||     6
         Leather armour    |     3 |       |       |       |       ||     3
         Chain mail        |    53 |   106 |   161 |       |       ||   320
         Plate armour      |       |       |    15 |   441 |   396 ||   852
  Dodge: Dodged            |    56 |   115 |   128 |   244 |   239 ||   782
  Block: Buckler           |       |       |    31 |   137 |   231 ||   399
         Reflection        |       |       |       |       |     7 ||     7
